 Dungeon Crawl Stone Soup version 0.20.1-1-g8b1a95d (webtiles) character file.

148 equalderp2856 the Ducker (level 5, -3/28 HPs)
             Began as a Spriggan Fighter on July 17, 2017.
             Killed by divine providence
             ... invoked by an orc priest
              (13 damage)
             ... on level 3 of the Dungeon.
             The game lasted 00:06:27 (3699 turns).

equalderp2856 the Ducker (Spriggan Fighter)         Turns: 3699, Time: 00:06:27

Health: -3/28      AC:  2    Str: 13    XL:     5   Next: 8%
Magic:  6/6        EV: 20    Int: 10    God:
Gold:   134        SH:  6    Dex: 15    Spells: 4/4 levels left

rFire    . . .     SeeInvis +   n - +0 dagger (speed)
rCold    . . .     Gourm    .   c - +0 buckler
rNeg     . . .     Faith    .   b - +0 robe
rPois    .         Spirit   .   (helmet restricted)
rElec    .         Reflect  .   (no cloak)
rCorr    .         Harm     .   (gloves unavailable)
MR       .....                  (boots unavailable)
Stlth    ++........             (no amulet)
Regen    0.1/turn               (no ring)
MPRegen  0.1/turn               (no ring)

@: drained, very quick
A: unfitting armour, see invisible, herbivore 3, speed 3, slow metabolism 2
a: no special abilities


You were on level 3 of the Dungeon.
You were very hungry.

You visited 1 branch of the dungeon, and saw 3 of its levels.

You collected 134 gold pieces.

Inventory:

Hand Weapons
 a - a +0 rapier
 n - a +0 dagger of speed (weapon)
 p - a +0 short sword
 v - a +0 hunting sling
Missiles
 e - 8 silver tomahawks (quivered)
 k - 17 poisoned needles
 o - 83 stones
Armour
 b - a +0 robe (worn)
 c - a +0 buckler (worn)
 w - a +0 robe
Jewellery
 t - a cursed -2 ring of protection {unknown}
Scrolls
 g - a scroll of blinking {unknown}
 h - 4 scrolls of identify {unknown}
 i - a scroll of enchant weapon {unknown}
 j - a scroll of teleportation {unknown}
 l - a scroll of enchant armour {unknown}
 r - a scroll of amnesia {unknown}
 s - a scroll of fear {unknown}
 u - 2 scrolls of remove curse {unknown}
Potions
 d - a potion of might
 m - a potion of resistance {unknown}
 q - 2 potions of mutation {unknown}
Comestibles
 f - 2 bread rations


   Skills:
 + Level 2.9(2.6) Fighting
 + Level 4.1(3.8) Short Blades
 + Level 5.5(5.2) Dodging
 + Level 1.4(1.2) Stealth
 + Level 2.5(2.3) Shields


You had 4 spell levels left.
You didn't know any spells.

Dungeon Overview and Level Annotations

Branches:
Dungeon (3/15)

Altars:
Sif Muna
Uskayaw
Yredelemnul

Annotations:
D:2 Sigmund


Innate Abilities, Weirdness & Mutations

You are very small and have problems with some larger weapons.
You are too small for most types of armour.
You have supernaturally acute eyesight. (SInv)
You are a herbivore.
You cover ground extremely quickly.
You need consume almost no food.


Message History

The orc misses you.
The orc hits you with a mace of draining.
You feel drained.
You hit the orc.
You kill the orc!
You barely miss the leopard gecko. You block the orc's attack.
You are feeling very hungry.
Things that are here:
a dagger; an orc skeleton You see here a runed plate armour.
You see here a short sword.
There is a stone staircase leading up here.
The leopard gecko hisses menacingly.
You closely miss the leopard gecko. The leopard gecko bites you.
You hit the leopard gecko.
The leopard gecko is heavily wounded.
The leopard gecko misses you.
The orc priest calls down the wrath of Beogh upon you.
Beogh smites you!
You die...

#.#######.# ......>...#
.#.###.#### .#.###l#
.#..##.# .##.##.#####
.##.##.....###########
.##......o.o.)[l.#...#
####.#.....#####@#.#.####
####††.##### #...#....#
.......# #.###.####
#####..#########.# #.#
#...#.....##.###.#
#...#............###
##..#.....#####....#
#..#........)..##(#
##.#.....#####.##.#


You could see an orc priest, an orc and a leopard gecko.

Vanquished Creatures
  An orc wizard (D:2)
  4 adders
  2 worms (D:2)
  2 dart slugs (D:1)
  2 leopard geckos
  8 orcs
  5 giant cockroaches
  7 goblins
  5 hobgoblins
  2 jackals (D:3)
  2 quokkas
  A ball python (D:1)
  5 bats
  5 frilled lizards (D:2)
  7 kobolds
  10 rats
68 creatures vanquished.

Notes
Turn   | Place    | Note
-------+----------+-------------------------------------------
     0 | D:1      | equalderp2856 the Spriggan Fighter began the quest for the Orb.
     0 | D:1      | Reached XP level 1. HP: 11/11 MP: 2/2
   334 | D:1      | Reached XP level 2. HP: 15/16 MP: 3/3
  1073 | D:2      | Found a hide-covered altar of Uskayaw.
  1661 | D:2      | Reached XP level 3. HP: 15/19 MP: 4/4
  1675 | D:2      | Noticed Sigmund
  2071 | D:2      | Found a basalt altar of Yredelemnul.
  2606 | D:2      | Reached skill level 5 in Dodging
  2672 | D:2      | Found a deep blue altar of Sif Muna.
  2856 | D:2      | Reached XP level 4. HP: 21/23 MP: 5/5
  3232 | D:2      | Reached skill level 1 in Stealth
  3604 | D:3      | Reached XP level 5. HP: 26/28 MP: 6/6
  3699 | D:3      | Killed from afar by an orc priest

Skill      XL: |  1  2  3  4 |
---------------+-------------+-----
Short Blades   | 3 4 |  4.1
Dodging        | 5 |  5.5
Stealth        | 1 |  1.4
Fighting       | |  2.9
Shields        | |  2.5

Action                   |  1- 3 |  4- 6 || total
-------------------------+-------+-------++-------
Melee: Rapier            |    59 |       ||    59
       Dagger            |   144 |   197 ||   341
 Stab: Sleeping          |     3 |       ||     3
       Distracted        |       |     1 ||     1
Armor: Robe              |    12 |     4 ||    16
Dodge: Dodged            |    86 |   104 ||   190
Block: Buckler           |    47 |    36 ||    83
